 Dungeon Crawl Stone Soup version 0.30-a0-371-gad7725a93e (webtiles) character file.

Game seed: 1860144841367652692

30277 mandarbmax the Severer (level 13, -8/91 (92) HPs)
             Began as a Yellow Draconian Transmuter on Nov 20, 2022.
             Was an Elder of Hepliaklqana.
             Mangled by a death scarab (16 damage)
             ... in a Gauntlet.
             The game lasted 00:41:55 (15025 turns).

mandarbmax the Severer (DrTm)                      Turns: 15025, Time: 00:41:56

HP:   -8/91 (92)    AC: 13    Str: 15    XL:     13   Next: 19%
MP:   19/19         EV: 12    Int: 28    God:    Hepliaklqana [****..]
Gold: 2286          SH: 14    Dex: 10    Spells: 10/16 levels left

rFire   . . .      SeeInvis .    a - +8 mithril axe "Arga" {speed, Will+}
rCold   . . .      Faith    .    o - +5 kite shield "Roetusto" {Int+4}
rNeg    . . .      Spirit   .    (body armour unavailable)
rPois   +          Reflect  .    J - +2 hat {Int+3}
rElec   .          Harm     .    H - +2 cloak
rCorr   +          Rampage  .    (no gloves)
Will    ++...      NoTele   +    (no boots)
Stlth   +.........               (no amulet)
HPRegen 0.35/turn                I - +6 ring of intelligence
MPRegen 0.16/turn                q - ring of Hitaf {rPois Will+ Dex-3 Slay+2}

@: short of breath, slowed, studying Invocations, lightly drained, very slow
A: reduced essence, spit acid, AC +8, unfitting armour, cold-blooded, acid
resistance
a: Breathe Acid, Renounce Religion, Recall Ancestor, Ancestor Identity,
Transference, Idealise


You were in a Gauntlet.
You worshipped Hepliaklqana.
Hepliaklqana was greatly pleased with you.
You visited 3 branches of the dungeon, and saw 17 of its levels.
You also visited: Gauntlet.

You collected 2286 gold pieces.

Inventory:

Hand Weapons
 a - the +8 mithril axe "Arga" (weapon) {speed, Will+}
   (You found it on level 2 of the Dungeon)

   Attacks with this weapon are significantly faster.
   Will:      It increases your willpower.
 b - a +2 hand axe of flaming
Missiles
 v - 4 throwing nets
 y - 8 boomerangs
 G - 2 boomerangs of dispersal
 L - 5 poisoned darts
 T - 3 silver javelins
Armour
 o - the +5 kite shield "Roetusto" (worn) {Int+4}
   (You acquired it on level 8 of the Dungeon)

   Int:       It affects your intelligence (+4).
 H - a +2 cloak (worn)
 J - a +2 hat of intelligence (worn)
 M - the +0 pair of gloves "Ucothrill" {*Slow rPois Str-5 Dex+7}
   (You found it in a Gauntlet)

   Str:       It affects your strength (-5).
   Dex:       It affects your dexterity (+7).
   rPois:     It protects you from poison.
   *Slow:     It may slow you when you take damage.
 P - a +2 hat of stealth
Jewellery
 q - the ring of Hitaf (right hand) {rPois Will+ Dex-3 Slay+2}
   (You acquired it on level 8 of the Dungeon)

   [ring of willpower]

   Dex:       It affects your dexterity (-3).
   Slay:      It affects your accuracy & damage with ranged weapons and melee
   (+2).
   rPois:     It protects you from poison.
   Will:      It increases your willpower.
 x - a ring of fire
 E - a ring of positive energy
 I - a +6 ring of intelligence (left hand)
 U - a ring of willpower
Wands
 h - a wand of acid (6)
 j - a wand of mindburst (18)
 k - a wand of polymorph (6)
 p - a wand of iceblast (9)
 s - a wand of digging (6)
 w - a wand of charming (29)
 D - a wand of flame (7)
Scrolls
 f - a scroll of summoning {unknown}
 i - 6 scrolls of teleportation
 l - a scroll of silence
 m - 5 scrolls of fog
 r - a scroll of fear
 B - a scroll of amnesia
 C - a scroll of immolation
 F - a scroll of torment
 K - 2 scrolls of poison
 S - a scroll of magic mapping
Potions
 c - 3 potions of magic {unknown}
 d - 4 potions of degeneration {unknown}
 e - 12 potions of curing
 g - 3 potions of ambrosia
 n - 4 potions of lignification
 t - 2 potions of brilliance
 u - 4 potions of haste {unknown}
 z - 3 potions of might
 A - 4 potions of mutation {unknown}
 O - 6 potions of flight
 Q - a potion of invisibility
 R - 4 potions of attraction {unknown}


   Skills:
 + Level 6.5 Fighting
 - Level 18.0 Axes
 + Level 6.6 Dodging
 + Level 7.0 Shields
 - Level 4.2 Unarmed Combat
 - Level 2.0 Spellcasting
 - Level 3.0 Transmutations
 + Level 8.8 Invocations


You had 10 spell levels left.
You knew the following spells:

 Your Spells              Type           Power      Damage    Failure   Level
a - Beastly Appendage     Tmut           38%        N/A       7%          1
b - Wereblood             Tmut           19%        N/A       11%         2
c - Spider Form           Tmut/Pois      11%        N/A       36%         3

Your spell library contained the following spells:

 Spells                   Type           Power      Damage    Failure   Level
 Inner Flame              Hex/Fire       2%         N/A       56%         3
 Vhi's Electric Charge    Tloc/Air       4%         N/A       56%         3
 Ice Form                 Ice/Tmut       11%        N/A       77%         4
 Flame Wave               Conj/Fire      2%         2d4       93%         4
 Sticky Flame             Conj/Fire      2%         2d3       93%         4
 Arcjolt                  Conj/Air       1%         1d11      100%        5
 Summon Forest            Summ/Tloc      1%         N/A       100%        5
 Summon Mana Viper        Hex/Summ       2%         N/A       100%        5
 Summon Cactus Giant      Summ           1%         N/A       100%        6
 Maxwell's Capacitive Co  Air            1%         ∞         100%        8


Dungeon Overview and Level Annotations

Branches:
Dungeon (12/15)            Temple (1/1) D:6            Lair (4/5) D:9
  Swamp (0/4) Lair:3       Spider (0/4) Lair:2          Orc (0/2) D:9
Gauntlet (1/1)
  Slime: Lair:4-5

Altars:
Ashenzari
Cheibriados
Dithmenos
Elyvilon
Fedhas
Gozag
Hepliaklqana
Kikubaaqudgha
Makhleb
Nemelex Xobeh
Okawaru
Qazlal
Ru
Sif Muna
Trog
Uskayaw
Vehumet
Wu Jian
Xom
Yredelemnul
Zin
The Shining One

Portals:
Trove: D:12 (give 4 scrolls of fear)

Annotations:
D:8 2 transporters, Taurus's ghost, novice MiFi Gauntlet 9 transporters, 3 runed translucent doors


Innate Abilities, Weirdness & Mutations

Your life essence is reduced to manifest your ancestor. (-10% HP)
You can spit globs of acid.
Your golden yellow scales are hard. (AC +8)
You cannot fit into any form of body armour.
You are cold-blooded and may be slowed by cold attacks.
You are resistant to acid. (rCorr)


Message History

Okay, then.
Okay, then.
Okay, then.
Okay, then.
It was a potion of ambrosia.
You are confused.
You feel invigorated.
You howl as the wereblood boils in your veins!
The death scarab is no longer covered in acid.
The death scarab bites you!!
* * * LOW HITPOINT WARNING * * *
The death scarab draws strength from your injuries!
You feel better.
You feel less invigorated.
Your primal bloodlust has ended.
The death scarab bites you. The death scarab drains your vigour!
You feel as though you will be slow longer.
The death scarab draws strength from your injuries!
You block the death scarab's attack.
The death scarab waves its antennae.
You block the death scarab's attack.
Okay, then.
Okay, then.
Okay, then.
Aiming: Corrosive Bolt
Press: ? - help, Shift-Dir - straight line, f - death scarab
Aim: a death scarab (covered in acid, 57% to hit)
The bolt of acid misses the death scarab.
The death scarab bites you!
* * * LOW HITPOINT WARNING * * *
The death scarab drains your vigour!
You feel as though you will be slow longer.
The death scarab draws strength from your injuries!
You block the death scarab's attack.
You feel better. The death scarab bites you!!
* * * LOW HITPOINT WARNING * * *
The death scarab drains your vigour!
You feel as though you will be slow longer.
The death scarab draws strength from your injuries!
The death scarab bites you!
You die...

## #≈..#.+...#©#..#.....§...#
#.###..#########..#.........#
#..##..........#..###########
#...#..#########..##........#
#...#..#.......#..#©######..#
#.©.#8.#[.####.#..###....##.#
.#...#..#Z#...#.#..##.####.#.#
...©.#∩.#Z#.©.#.#©©#.##.©.##.#
.#...#..#Z#..@#.#..#.#.####.##
#.©.#8.#.####BB#..#.##....###
#...#..#.......#..#..######.#
#...#..#########..#.........#
#..##..........#..###########
#.###..#########..#.........#
## #≈..###.33###..#.........#
##..###..3###..#..##≈##..#
#§..##.##+..#..#..≈###≈..#


You could see 2 death scarabs.

Vanquished Creatures
  Gastronok (Lair:3)
  Harold (Lair:1)
  A hydra (Lair:2)
  A two-headed ogre (D:9)
  Nergalle (Lair:3)
  2 sixfirhies (Gauntlet)
  A bog body (Lair:3)
  4 elephants (Lair:4)
  A black mamba (Lair:3)
  Joseph (Lair:1)
  A gargoyle (D:10)
  An orange demon (Lair:3)
  4 cane toads
  A kobold demonologist (D:10)
  Psyche (D:12)
  A rime drake (Lair:3)
  4 komodo dragons (Lair:1)
  A hornet (D:10)
  2 trolls
  Grinder (D:5)
  A polar bear (Lair:1)
  Prince Ribbit (D:5)
  6 blink frogs (Lair:1)
  A spectral black mamba (Gauntlet)
  4 shadows
  3 wyverns
  3 basilisks
  9 yaks
  Eustachio (D:6)
  A spectral komodo dragon (Gauntlet)
  3 redbacks (Lair:2)
  3 vampire mosquitoes (D:7)
  Menkaure (D:5)
  2 spectral cane toads (Gauntlet)
  A swamp worm (Lair:3)
  Edmund (D:6)
  4 acid dragons
  4 water moccasins
  Duvessa (D:6)
  5 orc warriors
  5 black bears
  An ice beast (D:7)
  3 ogres
  10 wolves
  2 centaurs
  Blork the orc (D:6)
  9 bullfrogs
  2 necrophages (D:5)
  A scorpion (D:6)
  A gnoll sergeant (D:5)
  Dowan (D:6)
  3 wights (D:6)
  8 killer bees (D:9)
  2 howler monkeys
  6 electric eels
  A jelly (D:7)
  11 orc priests
  A hound (D:4)
  A gnoll bouda (D:7)
  6 iguanas
  Terence (D:2)
  17 orc wizards
  3 hell rats (Lair:1)
  7 adders
  7 gnolls
  4 shadow imps
  A white imp (D:8)
  A worm (D:4)
  2 dart slugs
  40 orcs
  5 bats
  6 endoplasms
  A giant cockroach (D:2)
  4 goblins
  3 hobgoblins
  10 jackals
  3 quokkas
  7 ball pythons
  5 frilled lizards (D:1)
  13 kobolds
  5 rats
306 creatures vanquished.

Vanquished Creatures (collateral kills)
  A hydra (Lair:1)
  Erica (Lair:2)
  Amaemon (Lair:3)
  A bog body (Lair:3)
  An oklob plant (Lair:3)
  2 elephants (Lair:4)
  4 komodo dragons
  2 trolls
  A shadow (Gauntlet)
  4 yaks
  A black bear (Lair:1)
  7 wolves
  A kobold brigand (D:9)
  2 bullfrogs
  3 electric eels (D:11)
  2 orc priests (D:9)
  2 hell rats (Lair:1)
  5 orcs (D:9)
41 creatures vanquished.

Vanquished Creatures (others)
  A blink frog (Lair:1)
  An ancestor (D:9)
  5 battlemagi
  A quokka (D:5)
  12 fungi
  11 plants
31 creatures vanquished.

Grand Total: 378 creatures vanquished

Notes
Turn   | Place    | Note
-------+----------+-------------------------------------------
     0 | D:1      | mandarbmax the Draconian Transmuter began the quest for the
                  | Orb.
     0 | D:1      | Reached XP level 1. HP: 16/16 MP: 3/3
   187 | D:1      | Reached XP level 2. HP: 16/23 MP: 3/5
   194 | D:1      | Learned a level 2 spell: Wereblood
   616 | D:1      | Reached XP level 3. HP: 24/28 MP: 4/6
  1124 | D:2      | Identified the +1 plate armour of Uzymm {rN+ Slay+3 Stlth+}
  1192 | D:2      | Noticed Terence
  1204 | D:2      | Killed Terence
  1205 | D:2      | Reached XP level 4. HP: 18/36 MP: 7/7
  1283 | D:2      | Learned a level 3 spell: Spider Form
  1747 | D:2      | Found the +8 mithril axe "Arga" {speed, Will+}
  1999 | D:3      | Found a glowing silver altar of Zin.
  2369 | D:3      | Noticed Sigmund
  2370 | D:3      | Sigmund changed into Sigmund the ogre
  2370 | D:3      | Noticed Sigmund
  2387 | D:3      | Killed Sigmund the ogre
  2388 | D:3      | Reached skill level 2 in Axes
  2388 | D:3      | Reached XP level 5. HP: 41/41 MP: 5/8
  2662 | D:3      | Reached skill level 3 in Axes
  2999 | D:4      | Reached skill level 4 in Axes
  3266 | D:4      | Reached XP level 6. HP: 41/48 MP: 9/9
  3531 | D:5      | Entered Level 5 of the Dungeon
  3541 | D:5      | Reached skill level 5 in Axes
  3636 | D:5      | Reached skill level 6 in Axes
  3636 | D:5      | Your scales start taking on a golden yellow colour.
  3636 | D:5      | Reached XP level 7. HP: 31/55 MP: 5/10
  3636 | D:5      | Gained mutation: You are resistant to acid. (rCorr) [Yellow
                  | Draconian growth]
  3732 | D:5      | Found a stormy altar of Qazlal.
  3927 | D:5      | Reached skill level 7 in Axes
  4392 | D:5      | Found a shadowy altar of Dithmenos.
  4489 | D:5      | Noticed Grinder
  4495 | D:5      | Killed Grinder
  4496 | D:5      | Reached skill level 8 in Axes
  4496 | D:5      | Reached XP level 8. HP: 61/61 MP: 7/11
  4551 | D:5      | Noticed Menkaure
  4556 | D:5      | Killed Menkaure
  4634 | D:5      | Noticed Prince Ribbit
  4643 | D:5      | Killed Prince Ribbit
  5438 | D:6      | Reached skill level 9 in Axes
  5800 | D:6      | Noticed Dowan
  5805 | D:6      | Noticed Duvessa
  5807 | D:6      | Killed Dowan
  5807 | D:6      | Noticed Edmund
  5811 | D:6      | Killed Duvessa
  5814 | D:6      | Reached skill level 10 in Axes
  5818 | D:6      | Killed Edmund
  5819 | D:6      | Reached XP level 9. HP: 55/67 MP: 7/12
  5831 | D:6      | Noticed Blork the orc
  5992 | D:6      | Killed Blork the orc
  6053 | D:6      | Noticed Eustachio
  6068 | D:6      | Killed Eustachio
  6150 | D:6      | Found a staircase to the Ecumenical Temple.
  6155 | Temple   | Entered the Ecumenical Temple
  6340 | Temple   | Became a worshipper of Hepliaklqana the Forgotten
  6566 | D:7      | Found a sacrificial altar of Ru.
  7057 | D:7      | Reached skill level 11 in Axes
  7838 | D:8      | Reached skill level 12 in Axes
  7891 | D:8      | Reached * piety under Hepliaklqana
  8000 | D:8      | Found a transporter.
  8031 | D:8      | Noticed a moth of wrath
  8034 | D:8      | Identified 4 scrolls of acquirement
  8042 | D:8      | Acquired 987 gold pieces
  8043 | D:8      | Acquired the ring of Hitaf {rPois Will+ Dex-3 Slay+2}
  8044 | D:8      | Acquired a manual of Invocations
  8045 | D:8      | Acquired the +5 kite shield "Roetusto" {Int+4}
  8097 | D:8      | Found a bloodstained altar of Trog.
  8098 | D:8      | Found a transporter.
  8100 | D:8      | Noticed Taurus's ghost (novice MiFi)
  8118 | D:8      | Found a sparkling altar of Nemelex Xobeh.
  8440 | D:9      | Reached XP level 10. HP: 65/65 MP: 10/13
  8787 | D:9      | Reached skill level 13 in Axes
  8819 | D:9      | Reached ** piety under Hepliaklqana
  8820 | D:9      | Found a staircase to the Orcish Mines.
  8829 | D:9      | Remembered your ancestor Æðelind as a battlemage
  9094 | D:9      | Reached skill level 14 in Axes
  9099 | D:9      | Found a staircase to the Lair.
  9298 | D:9      | Found a broken altar of Ashenzari.
  9298 | D:9      | Found an ornate altar of the Wu Jian Council.
  9455 | D:9      | Noticed a two-headed ogre
  9460 | D:9      | Killed a two-headed ogre
  9573 | D:10     | Entered Level 10 of the Dungeon
 10039 | D:10     | Noticed a gargoyle
 10048 | D:10     | Killed a gargoyle
 10049 | D:10     | Reached skill level 15 in Axes
 10237 | D:10     | Reached XP level 11. HP: 67/71 MP: 11/14
 11073 | D:12     | Found a portal to a secret trove of treasure.
 11078 | D:12     | Noticed Psyche
 11086 | D:12     | Killed Psyche
 11091 | D:12     | Reached skill level 16 in Axes
 11171 | Lair:1   | Entered Level 1 of the Lair of Beasts
 11171 | Lair:1   | Noticed Joseph
 11193 | Lair:1   | Killed Joseph
 11407 | Lair:1   | Noticed a seven-headed hydra
 11417 | Lair:1   | Killed a seven-headed hydra
 11418 | Lair:1   | Reached skill level 17 in Axes
 11723 | Lair:1   | Reached *** piety under Hepliaklqana
 11796 | Lair:1   | Reached XP level 12. HP: 54/76 MP: 11/15
 11982 | Lair:1   | Reached skill level 1 in Invocations
 12281 | Lair:1   | Reached skill level 18 in Axes
 12380 | Lair:1   | Noticed Harold
 12391 | Lair:1   | Killed Harold
 12738 | Lair:2   | Found a hole to the Spider Nest.
 12767 | Lair:2   | Noticed Erica
 12776 | Lair:2   | Killed Erica
 13059 | Lair:2   | Reached skill level 5 in Shields
 13270 | Lair:2   | Noticed a six-headed hydra
 13280 | Lair:2   | Killed a one-headed hydra
 13281 | Lair:2   | Reached skill level 5 in Dodging
 13371 | Lair:2   | Reached skill level 5 in Invocations
 13791 | Lair:3   | Reached **** piety under Hepliaklqana
 14014 | Lair:3   | Reached skill level 5 in Fighting
 14014 | Lair:3   | Found a staircase to the Swamp.
 14198 | Lair:3   | Noticed Gastronok
 14198 | Lair:3   | Noticed Nergalle
 14210 | Lair:3   | Killed Nergalle
 14219 | Lair:3   | Killed Gastronok
 14410 | Lair:3   | Noticed Amaemon
 14419 | Lair:3   | Killed Amaemon
 14554 | Lair:4   | Reached XP level 13. HP: 91/91 MP: 16/18
 14570 | Lair:4   | Found a gate leading to a gauntlet.
 14576 | Gauntlet | Entered a Gauntlet
 14576 | Gauntlet | Found a transporter.
 14576 | Gauntlet | Found a transporter.
 14621 | Gauntlet | Found a transporter.
 14638 | Gauntlet | Found a transporter.
 14639 | Gauntlet | Found a transporter.
 14639 | Gauntlet | Found a transporter.
 14641 | Gauntlet | Found a transporter.
 14641 | Gauntlet | Found a transporter.
 14657 | Gauntlet | Found a transporter.
 14662 | Gauntlet | Found a runed translucent door.
 14669 | Gauntlet | Found a transporter.
 14678 | Gauntlet | Found a runed translucent door.
 14679 | Gauntlet | Found a transporter.
 14680 | Gauntlet | Found a runed translucent door.
 14693 | Gauntlet | Found a transporter.
 14713 | Gauntlet | Found a transporter.
 14729 | Gauntlet | Found a transporter.
 14794 | Gauntlet | Identified the +0 pair of gloves "Ucothrill" {*Slow rPois
                  | Str-5 Dex+7}
 15025 | Gauntlet | Mangled by a death scarab

Illustrated notes

Levels and vault maps discovered:
D:1:      eino_arrival_water_star, layout_loops_ring
D:2:      layout_basic, corexii_shack, kennysheep_small_spiral, uniq_terence
D:3:      cheibrodos_helix_gallery, layout_loops_corners,
          mainiacjoe_overflow_surrounded_room, uniq_sigmund
D:4:      minmay_inner_zag, layout_loops_cross, minmay_splitting_lines
D:5:      minmay_polygon_palace, layout_loops_corners,
          mainiacjoe_overflow_boulevard, grunt_qazlal_clouds, st_stairs_4,
          uniq_prince_ribbit1, uniq_grinder, uniq_menkaure
D:6:      layout_basic, temple_doors_e, uniq_edmund, uniq_duvessa,
          uniq_eustachio, uniq_blork_the_orc
D:7:      layout_basic, mainiacjoe_overflow_24_doors
D:8:      layout_rooms, nemelex_xobeh_ov_fountains_minmay,
          gammafunk_ghost_wrathful_warriors, serial_curves, eino_curves_04,
          eino_curves_03, fungi_pond_lemuel
D:9:      layout_basic, gammafunk_temple_overflow_pools, lair_entry_dummy,
          hiddenorc2_lemuel
D:10:     layout_loops_corners, kennysheep_small_circle
D:11:     erik_rubicon_a, layout_basic, grunt_ministairs_9, fountainhead,
          serial_park_tiny_1, serial_bayou_pond_c, nicolae_uskayaw_dance_studio
D:12:     layout_cave_pools, enter_trove_3, serial_shops, nicolae_shop_trees,
          grunt_decor_junction, kennysheep_generic_room_15, uniq_azrael,
          uniq_frances, uniq_psyche, uniq_erolcha
Temple:   bh_familiar_temple
Lair:1:   layout_chaotic_city, beast_lair_carwin_10, grunt_megastairs_1,
          uniq_joseph, uniq_harold
Lair:2:   layout_chaotic_city, spider_nest_entry_webs,
          infiniplex_staircase_pool, uniq_erica
Lair:3:   layout_big_grid, nicolae_swamp_entry_splash_gauntlet, uniq_amaemon,
          uniq_gastronok, uniq_nergalle
Lair:4:   layout_cave_pods, gauntlet_entry_generic, minmay_lindwurm_lava,
          serial_bayou_shore_b, lemuel_fruit_fields
Gauntlet: gammafunk_gauntlet_mixed_choke_point [minmay_gauntlet_arena_77_braids,
          minmay_gauntlet_arena_77_terracotta_army,
          minmay_gauntlet_arena_77_broken_ladder,
          gammafunk_gauntlet_arena_spirals, minmay_gauntlet_arena_77_path,
          minmay_gauntlet_arena_77_box, minmay_gauntlet_arena_77_cramped,
          dreamdust_gauntlet_exit_labyrinth]

Skill      XL: |  1  2  3  4  5  6  7  8  9 10 11 12 13 |
---------------+----------------------------------------+-----
Dodging        | 2 4 6 |  6.6
Unarmed Combat | 4 |  4.2
Transmutations | 3 |  3.0
Fighting       | 2 5 6 |  6.5
Axes           | 2 4 6 8 10 12 15 17 18 | 18.0
Shields        | 2 4 6 7 |  7.0
Invocations    | 7 8 |  8.8
Spellcasting   | |  2.0

Action                   |  1- 3 |  4- 6 |  7- 9 | 10-12 | 13-15 || total
-------------------------+-------+-------+-------+-------+-------++-------
Melee: Unarmed           |    78 |    27 |       |       |       ||   105
       Kick              |    16 |     3 |    36 |    89 |       ||   144
       Tailslap          |     6 |     9 |    25 |    48 |     9 ||    97
       Headbutt          |     7 |     5 |    22 |    52 |       ||    86
       Punch             |     1 |     2 |     2 |       |       ||     5
       Broad axe         |       |    69 |   157 |   335 |    52 ||   613
       Hand axe          |       |       |       |     6 |       ||     6
 Cast: Beastly Appendage |    25 |     7 |    42 |    62 |       ||   136
       Wereblood         |     1 |     3 |    30 |    49 |     3 ||    86
Invok: Ancestor Life: Ba |       |       |       |     1 |       ||     1
 Abil: Breathe Acid      |       |       |    19 |    26 |     3 ||    48
Evoke: Wand              |       |     2 |     2 |     5 |     1 ||    10
  Use: Scroll            |       |       |    15 |     8 |     2 ||    25
       Potion            |       |       |       |     1 |     6 ||     7
 Stab: Sleeping          |     2 |     2 |       |       |       ||     4
       Distracted        |       |       |       |     4 |     2 ||     6
Armor: Skin              |    26 |    20 |    29 |    58 |    12 ||   145
Dodge: Dodged            |    48 |    50 |    55 |   102 |    20 ||   275
Block: Buckler           |       |       |    20 |       |       ||    20
       Kite shield       |       |       |     7 |   170 |    38 ||   215

Table legend: (Time is in decaauts)
 A = Elapsed time spent in this place.
 B = Non-inter-level travel time spent in this place.
 C = Inter-level travel time spent in this place.
 D = Time resting spent in this place.
 E = Time spent auto-exploring this place.
 F = Levels seen in this place.
 G = Mean time per level.
                   A        B        C        D        E       F      G
               +--------+--------+--------+--------+--------+-----+--------+
         Total |  14879 |  14267 |    612 |    610 |  11458 |  18 |  826.6 |
       Dungeon |  11013 |  10516 |    497 |    384 |   8688 |  12 |  917.8 |
        Temple |    221 |    164 |     57 |      0 |    160 |   1 |  221.0 |
          Lair |   3203 |   3146 |     57 |    226 |   2448 |   4 |  800.8 |
      Gauntlet |    440 |    440 |      0 |      0 |    161 |   1 |  440.0 |
               +--------+--------+--------+--------+--------+-----+--------+

Top non-repeatable levels by time:
     D:5: 1777 daAuts
     D:9: 1391 daAuts
  Lair:1: 1343 daAuts
     D:7: 1247 daAuts
  Lair:2: 1115 daAuts
     D:2: 1064 daAuts
     D:6: 986 daAuts
    D:10: 962 daAuts
     D:1: 918 daAuts
     D:3: 808 daAuts
     D:4: 732 daAuts
  Lair:3: 717 daAuts
    D:11: 547 daAuts
     D:8: 513 daAuts
Gauntlet: 440 daAuts
